 Dungeon Crawl Stone Soup version 0.31-a0-188-g5e087ee2ca (webtiles) character file.

Game seed: 7297783811594292669

1182 qw the Skirmisher (level 8, -3/45 HPs)
             Began as a Deep Elf Hunter on June 23, 2023.
             Was a Follower of Okawaru.
             Slain by an orc priest
             ... wielding a +0 trident
              (5 damage)
             ... on level 6 of the Dungeon.
             The game lasted 00:01:45 (3830 turns).

qw the Skirmisher (Deep Elf Hunter)                 Turns: 3830, Time: 00:01:45

Health: -3/45      AC: 12    Str: 10    XL:     8   Next: 19%
Magic:  11/13      EV: 17    Int: 18    God:    Okawaru [*.....]
Gold:   248        SH:  0    Dex: 18    Spells: 7/7 levels left

rFire   . . .        Y - +0 shortbow
rCold   . . .        (shield currently unavailable)
rNeg    + . .        m - +5 scale mail of Impressiveness {Will+ rCorr Int+3}
rPois   .            (no helmet)
rElec   .            (no cloak)
rCorr   +            (no gloves)
SInv    .            (no boots)
Will    +....        e - amulet of faith
Stlth   ++           a - ring of positive energy
HPRegen 0.27/turn    c - +5 ring of evasion
MPRegen 0.13/turn

%: faith
@: heroic
A: no striking features
a: Renounce Religion, Heroism


You were on level 6 of the Dungeon.
You worshipped Okawaru.
Okawaru was aware of your devotion.
You visited 2 branches of the dungeon, and saw 7 of its levels.
You also visited: Sewer.

You collected 248 gold pieces.


   Skills:
 - Level 2.6(7.6) Fighting
 + Level 11.7(16.7) Ranged Weapons
 - Level 1.0(6.0) Armour
 - Level 3.5(8.5) Dodging
 - Level 1.2(6.2) Stealth
 - Level 4.0 Invocations


You had 7 spell levels left.
You didn't know any spells.
Your spell library was empty.

Inventory:

Hand Weapons
 Y - a +0 shortbow (weapon)
Armour
 h - a +2 pair of gloves
 j - a +2 hat
 m - the +5 scale mail of Impressiveness (worn) {Will+ rCorr Int+3}
   (You found it on level 2 of the Dungeon)

   Int:       It affects your intelligence (+3).
   rCorr:     It protects you from acid and corrosion.
   Will:      It increases your willpower.
Jewellery
 a - a ring of positive energy (left hand)
 c - a +5 ring of evasion (right hand)
 e - an amulet of faith (around neck)
Scrolls
 d - 3 scrolls of identify
 k - 5 scrolls of enchant armour
Potions
 b - 2 potions of haste
 f - a potion of might
 g - 3 potions of mutation
 l - a potion of curing
 n - a potion of ambrosia {unknown}
 o - a potion of magic {unknown}

Dungeon Overview and Level Annotations

Branches:
Dungeon (5/15)             Temple (1/1) D:4           Sewer (visited)

Altars:
Cheibriados
Dithmenos
Fedhas
Gozag
Hepliaklqana
Kikubaaqudgha
Makhleb
Nemelex Xobeh
Okawaru
Ru
Uskayaw
Wu Jian
Yredelemnul
The Shining One


Message History

The steam dragon misses you. The steam dragon barely misses you.
You shoot an arrow. The arrow hits the steam dragon!
The steam dragon is almost dead.
You feel like a meek peon again. The steam dragon completely misses you.
The steam dragon claws you but does no damage.
3821 ||| INVOKING Heroism.
You gain the combat prowess of a mighty hero.
The steam dragon barely misses you.
The steam dragon claws you but does no damage.
You shoot an arrow. The arrow hits the steam dragon.
The steam dragon is almost dead.
Your surroundings seem slightly different.
3823 ||| READING scroll of teleportation.
As you read the scroll of teleportation, it crumbles to dust.
You feel strangely unstable. The steam dragon misses you.
The steam dragon closely misses you.
You shoot an arrow. The arrow hits the steam dragon.
The steam dragon is almost dead.
The steam dragon bites you. The steam dragon misses you.
You shoot an arrow. The arrow hits the steam dragon!
You kill the steam dragon!
Okawaru accepts your kill.
You start resting.
Your surroundings suddenly seem different.
An orc priest, an orc and an orc wizard come into view.
Found a stone staircase leading down.
The orc shouts!
You shoot an arrow. The orc wizard shouts!
The arrow hits the orc priest but does no damage.
An orc comes into view. It is wielding a +0 hand axe.
The orc priest barely misses you.
You shoot an arrow.
The arrow hits the orc priest but does no damage.
The orc priest hits you from afar with a +0 trident.
You shoot an arrow. The arrow hits the orc priest.
The orc priest is lightly wounded.
The orc priest hits you from afar with a +0 trident.
You die...

..# ..#
...# ...#
#oo.#
###oo..+
#.#......#
#..>@....#
#####.####
... ##.#
.# #


You could see an orc priest, an orc wizard and 2 orcs.

Vanquished Creatures
  A steam dragon (D:6)
  A water moccasin (D:5)
  An ice beast (D:5)
  Pargi (Sewer)
  2 black bears
  A centaur (D:6)
  A phantom (D:4)
  A scorpion (D:5)
  A jelly (D:4)
  An orc priest (D:5)
  2 hounds (D:5)
  2 iguanas (D:5)
  An orc wizard (D:5)
  A river rat (D:5)
  7 adders
  A white imp (D:5)
  2 worms
  A dart slug (D:4)
  8 orcs
  10 ball pythons
  6 endoplasms
  3 giant cockroaches
  7 goblins
  5 hobgoblins
  3 jackals (D:1)
  2 quokkas
  7 bats
  4 frilled lizards
  6 kobolds
  5 rats
94 creatures vanquished.

Notes
Turn   | Place    | Note
-------+----------+-------------------------------------------
     0 | D:1      | qw the Deep Elf Hunter began the quest for the Orb.
     0 | D:1      | Reached XP level 1. HP: 12/12 MP: 3/3
     0 | D:1      | 0 ||| qw: Version: 0.3-a-9-g12657ce
     0 | D:1      | 0 ||| qw: Game counter: 3975
     0 | D:1      | 0 ||| qw: Always use a shield: true
     0 | D:1      | 0 ||| qw: God list: Okawaru
     0 | D:1      | 0 ||| qw: Allow faded altars: false
     0 | D:1      | 0 ||| qw: Do Orc after D:15 true
     0 | D:1      | 0 ||| qw: Do second Lair branch before Depths: true
     0 | D:1      | 0 ||| qw: Lair rune preference: random
     0 | D:1      | 0 ||| qw: Plans: Normal
     0 | D:1      | 0 ||| PLANNING D:1-11
   178 | D:1      | Reached XP level 2. HP: 16/16 MP: 4/4
   179 | D:1      | Reached skill level 6 in Ranged Weapons
   447 | D:1      | 447 ||| UPGRADING to +0 ring mail.
   457 | D:1      | 457 ||| DROPPING +0 leather armour.
   458 | D:1      | 458 ||| UPGRADING to amulet of faith.
   463 | D:1      | 463 ||| READING scroll labelled LEYNOOFELA.
   464 | D:1      | 464 ||| READING scroll labelled UVVUWE UCAS.
   465 | D:1      | 465 ||| DROPPING scroll of butterflies.
   546 | D:2      | Reached XP level 3. HP: 20/20 MP: 5/5
   586 | D:2      | HP: 5/20 [poisoned by an adder]
   590 | D:2      | Reached skill level 7 in Ranged Weapons
   997 | D:2      | Found a faded altar of an unknown god.
  1249 | D:2      | Identified the +5 scale mail of Impressiveness {Will+ rCorr
                  | Int+3}
  1349 | D:2      | 1349 ||| UPGRADING to +5 scale mail of Impressiveness
                  | {Will+ rCorr Int+3}.
  1359 | D:2      | 1359 ||| DROPPING +0 ring mail.
  1360 | D:2      | 1360 ||| UPGRADING to ring of positive energy.
  1361 | D:2      | 1361 ||| READING scroll labelled RIKKUG OKHLAD.
  1362 | D:2      | 1362 ||| READING scroll labelled ICEPSI WAIWN.
  1363 | D:2      | 1363 ||| READING 3 scrolls labelled NUCVAFF ROPAU.
  1367 | D:2      | 1367 ||| READING scroll labelled TOSOKI MUPAHYH.
  1368 | D:2      | 1368 ||| READING scroll labelled BYSEET WENU.
  1369 | D:2      | 1369 ||| DRINKING 2 ruby potions.
  1412 | D:3      | Reached XP level 4. HP: 25/25 MP: 6/6
  1971 | D:3      | 1971 ||| UPGRADING to +5 ring of evasion.
  1972 | D:3      | 1972 ||| READING scroll labelled BUSELO BACETZO.
  1973 | D:3      | 1973 ||| READING scroll labelled EDEGUFFUGU.
  1974 | D:3      | 1974 ||| DRINKING 3 metallic silvery potions.
  1975 | D:3      | 1975 ||| READING 3 scrolls of identify.
  1975 | D:3      | 1975 ||| IDENTIFYING sedimented red potion
  1976 | D:3      | 1976 ||| READING 2 scrolls of identify.
  1976 | D:3      | 1976 ||| IDENTIFYING sedimented white potion
  2014 | D:4      | Reached skill level 8 in Ranged Weapons
  2304 | D:4      | Found a staircase to the Ecumenical Temple.
  2305 | D:4      | 2305 ||| PLANNING TEMPLE
  2305 | D:4      | 2305 ||| READING scroll labelled DAFINA NEALL.
  2406 | D:4      | 2406 ||| READING scroll labelled BOLEUDDA LANITZ.
  2407 | D:4      | 2407 ||| DRINKING 2 cyan potions.
  2416 | Temple   | Entered the Ecumenical Temple
  2417 | Temple   | 2417 ||| PLANNING OKAWARU WORSHIP
  2423 | Temple   | Became a worshipper of Warmaster Okawaru
  2424 | Temple   | 2424 ||| PLANNING D:1-11
  2594 | D:4      | Noticed a phantom
  2607 | D:4      | Killed a phantom
  2608 | D:4      | Reached skill level 9 in Ranged Weapons
  2608 | D:4      | Reached XP level 5. HP: 27/29 MP: 7/7
  2647 | D:4      | Found a burning altar of Makhleb.
  2735 | D:4      | Noticed a black bear
  2739 | D:4      | Killed a black bear
  2739 | D:4      | Reached * piety under Okawaru
  2740 | D:4      | Reached XP level 6. HP: 36/36 MP: 8/8
  2954 | D:4      | 2954 ||| READING 2 scrolls of identify.
  2954 | D:4      | 2954 ||| IDENTIFYING blue potion
  2955 | D:4      | 2955 ||| DROPPING potion of invisibility.
  2970 | D:5      | Entered Level 5 of the Dungeon
  2971 | D:5      | 2971 ||| PLANNING SEWER
  3078 | D:5      | Noticed a water moccasin
  3089 | D:5      | 3089 ||| INVOKING Heroism.
  3099 | D:5      | HP: 8/36 [poisoned by a water moccasin]
  3100 | D:5      | Reached skill level 1 in Invocations
  3100 | D:5      | 3100 ||| READING 3 scrolls of teleportation.
  3101 | D:5      | 3101 ||| DRINKING 2 potions of heal wounds.
  3102 | D:5      | 3102 ||| INVOKING Heroism.
  3104 | D:5      | Found a glowing drain.
  3105 | D:5      | Reached skill level 1 in Armour
  3120 | D:5      | 3120 ||| INVOKING Heroism.
  3207 | Sewer    | Entered a sewer
  3210 | Sewer    | Noticed Pargi
  3228 | Sewer    | Killed Pargi
  3393 | D:5      | 3393 ||| PLANNING D:1-11
  3441 | D:5      | Found a sacrificial altar of Ru.
  3448 | D:5      | 3448 ||| INVOKING Heroism.
  3460 | D:5      | Reached skill level 10 in Ranged Weapons
  3460 | D:5      | Reached XP level 7. HP: 29/40 MP: 8/10
  3573 | D:5      | 3573 ||| INVOKING Heroism.
  3584 | D:5      | Reached skill level 3 in Invocations
  3587 | D:5      | 3587 ||| INVOKING Heroism.
  3593 | D:5      | HP: 9/40 [something (3)]
  3594 | D:5      | 3594 ||| READING 3 scrolls of teleportation.
  3595 | D:5      | 3595 ||| DRINKING potion of heal wounds.
  3767 | D:5      | Reached skill level 11 in Ranged Weapons
  3773 | D:5      | You fall into a shaft and drop 1 floor!
  3805 | D:6      | Reached ** piety under Okawaru
  3806 | D:6      | Reached skill level 3 in Dodging
  3806 | D:6      | Reached XP level 8. HP: 36/45 MP: 13/13
  3809 | D:6      | 3809 ||| INVOKING Heroism.
  3816 | D:6      | HP: 11/45 [steam dragon/ball of steam (22)]
  3817 | D:6      | 3817 ||| READING 2 scrolls of teleportation.
  3821 | D:6      | 3821 ||| INVOKING Heroism.
  3823 | D:6      | 3823 ||| READING scroll of teleportation.
  3824 | D:6      | HP: 7/45 [steam dragon (3)]
  3829 | D:6      | HP: 2/45 [orc priest/+0 trident (6)]
  3830 | D:6      | Slain by an orc priest

Levels and vault maps discovered:
D:1:      dpeg_arrival_tiny_d, layout_basic, minmay_split_cup_small
D:2:      layout_basic, chequers_ecumenical_altar_twisty, nrook_campfire
D:3:      layout_loops_ring
D:4:      layout_loops_corners, bloody_makhleb,
          minmay_temple_entry_statues_fountains, grunt_ministairs_7
D:5:      layout_cave_pools, old_standard_altar, portal_sewer_entry_a,
          grunt_ministairs_7, nicolae_shop_clearance
D:6:      layout_basic, trog_hazing_becter, gammafunk_temple_overflow_arena,
          hangedman_abyss_or_decor_lesser_grid
Temple:   nicolae_temple_no_exploring_needed

Skill      XL: |  1  2  3  4  5  6  7 |
---------------+----------------------+-----
Ranged Weapons | 6 7 9 10 11 | 11.7
Fighting       | 2 |  2.6
Invocations    | 2 4 |  4.0
Armour         | 1 |  1.0
Dodging        | 3 |  3.5
Stealth        | |  1.2

Action                     |  1- 3 |  4- 6 |  7- 9 || total
---------------------------+-------+-------+-------++-------
   Fire: Shortbow          |    96 |   206 |    90 ||   392
 Invoke: Heroism           |       |     4 |     4 ||     8
    Use: Scroll            |     7 |     8 |     3 ||    18
         Potion            |     1 |     3 |     1 ||     5
 Armour: Leather armour    |     5 |       |       ||     5
         Ring mail         |     8 |       |       ||     8
         Scale mail        |     1 |   101 |    26 ||   128
  Dodge: Dodged            |    26 |   215 |    70 ||   311

Table legend:
 A = Non-vault XP
 B = Vault XP
 C = Vault XP percentage of total XP
 D = Non-vault monster count
 E = Vault monster count
 F = Vault count percentage of total count
                 A         B        C        D         E       F
            +---------+---------+-------+---------+---------+-------
      Total |    1518 |     171 |  10.1 |      79 |      15 |  16.0
            +---------+---------+-------+---------+---------+-------
        D:1 |      35 |       4 |  10.3 |      21 |       3 |  12.5
        D:2 |      45 |       0 |   0.0 |      10 |       0 |   0.0
        D:3 |      59 |       0 |   0.0 |      21 |       0 |   0.0
        D:4 |     285 |       2 |   0.7 |       5 |       1 |  16.7
        D:5 |     779 |      34 |   4.2 |      19 |       6 |  24.0
        D:6 |     315 |       0 |   0.0 |       3 |       0 |   0.0
      Sewer |       0 |     131 | 100.0 |       0 |       5 | 100.0
            +---------+---------+-------+---------+---------+-------
